 Dungeon Crawl Stone Soup version 0.28-a0-1339-ga5422284a4 (webtiles) character file.

Game seed: 15455250942606646747

465 bande the Covered (level 7, -2/43 HPs)
             Began as a Gargoyle Fighter on Dec 28, 2021.
             Slain by Duvessa (5 damage)
             ... on level 4 of the Dungeon.
             The game lasted 00:06:50 (5280 turns).

bande the Covered (Gargoyle Fighter)                Turns: 5280, Time: 00:06:51

Health: -2/43      AC: 14    Str: 20    XL:     7   Next: 8%
Magic:  7/7        EV:  7    Int:  8    God:
Gold:   189        SH:  5    Dex: 11    Spells: 6/6 levels left

rFire   . . .      SeeInvis .   a - +0 war axe
rCold   . . .      Faith    .   c - +1 buckler
rNeg    + . .      Spirit   .   m - +0 chain mail
rPois   ∞          Reflect  .   (no helmet)
rElec   +          Harm     .   (no cloak)
rCorr   .          Rampage  .   (no gloves)
Will    .....                   (no boots)
Stlth   ..........              (no amulet)
HPRegen 0.14/turn               (no ring)
MPRegen 0.10/turn               (no ring)

@: mighty
A: sickness immunity, AC +4, negative energy resistance 1, electricity
resistance, torment resistance 1, petrification resistance
a: no special abilities


You were on level 4 of the Dungeon.
You visited 1 branch of the dungeon, and saw 4 of its levels.

You collected 189 gold pieces.

Inventory:

Hand Weapons
 a - a +0 war axe (weapon)
 b - a +0 flail
Armour
 c - a +1 buckler (worn)
 m - a +0 chain mail (worn)
Wands
 i - a wand of flame (13)
Scrolls
 f - 2 scrolls of amnesia
 g - a scroll of fear
 h - 2 scrolls of fog
 l - a scroll of noise {unknown}
Potions
 d - a potion of might
 e - 4 potions of curing
 j - 3 potions of haste
 k - a potion of berserk rage {unknown}


   Skills:
 + Level 4.3 Fighting
 + Level 4.2 Axes
 + Level 5.1 Armour
 + Level 4.1 Shields
 * Level 2.2 Evocations


You had 6 spell levels left.
You didn't know any spells.
Your spell library contained the following spells:

 Spells                   Type           Power      Damage    Failure   Level
 Corpse Rot               Necr/Air       0%         N/A       99%         2
 Call Canine Familiar     Summ           0%         N/A       100%        3
 Portal Projectile        Hex/Tloc       0%         N/A       100%        3
 Dispel Undead            Necr           0%         3d6       100%        4
 Leda's Liquefaction      Hex/Erth       0%         N/A       100%        4
 Death Channel            Necr           0%         N/A       100%        6


Dungeon Overview and Level Annotations

Branches:
Dungeon (4/15)
 Temple: D:4-7

Altars:
Hepliaklqana

Shops:
D:4 :

Annotations:
D:4 Dowan, Duvessa


Innate Abilities, Weirdness & Mutations

You are immune to sickness and miasma.
Your stone body is resilient. (AC +4)
You are immune to poison.
You resist negative energy. (rN+)
You are resistant to electric shocks. (rElec)
You are resistant to unholy torment.
You are immune to petrification.


Message History

You barely miss Duvessa. Duvessa hits you with a +0 short sword.
Dowan casts a spell at you. You resist with some effort.
Duvessa hits you with a +0 short sword.
You are too injured to fight recklessly!
You are too injured to fight recklessly!
You are too injured to fight recklessly!
You are too injured to fight recklessly!
You are too injured to fight recklessly!
You are too injured to fight recklessly!
You are too injured to fight recklessly!
You are too injured to fight recklessly!
You are too injured to fight recklessly!
You closely miss Duvessa.
Duvessa is heavily wounded.
You miss Dowan. Duvessa hits you with a +0 short sword.
Dowan gestures wildly while chanting.
Dowan blinks!
Duvessa hits you with a +0 short sword.
You hit Duvessa but do no damage.
Duvessa is heavily wounded.
You barely miss Dowan. Duvessa hits you with a +0 short sword!
* * * LOW HITPOINT WARNING * * *
Dowan barely misses you.
Duvessa says, "My weaknesses are his strengths!"
You block Duvessa's attack. Dowan hits you but does no damage.
You feel better. Duvessa hits you with a +0 short sword.
* * * LOW HITPOINT WARNING * * *
Dowan hits you with a +0 dagger.
* * * LOW HITPOINT WARNING * * *
You feel better. Duvessa hits you with a +0 short sword.
* * * LOW HITPOINT WARNING * * *
You block Duvessa's attack. Dowan closely misses you.
You feel very mighty all of a sudden. Duvessa hits you with a +0 short sword.
* * * LOW HITPOINT WARNING * * *
Dowan hits you with a +0 dagger.
* * * LOW HITPOINT WARNING * * *
You slash Duvessa!
Duvessa is almost dead.
You closely miss Dowan. Duvessa hits you with a +0 short sword.
You die...

##........###........###.........
##.......##..........##.........
##...[(..#.....##....##.........
#...#.........###....##......###
##..####.....[####...####....##
#.### #......###...## #...## .##
#......##...## #...# ##
#.......e..## #...## #
#.......e@## #..# # #........†##
..# .......... # ..##......# ##
#...... .... ....... .... .......
# ..... ....... #. ..... #...


You could see Duvessa (fast) and Dowan.

Vanquished Creatures
  A necrophage (D:4)
  Blork the orc (D:4)
  4 wights
  An orc priest (D:3)
  2 adders (D:2)
  An ufetubus (D:4)
  2 worms (D:2)
  3 dart slugs
  8 orcs (D:3)
  5 ball pythons
  8 bats
  4 endoplasms
  A giant cockroach (D:2)
  5 goblins
  7 hobgoblins
  6 jackals
  9 kobolds
  3 quokkas
  5 frilled lizards
  5 rats
81 creatures vanquished.

Notes
Turn   | Place    | Note
-------+----------+-------------------------------------------
     0 | D:1      | bande the Gargoyle Fighter began the quest for the Orb.
     0 | D:1      | Reached XP level 1. HP: 14/14 MP: 1/1
   193 | D:1      | Reached XP level 2. HP: 14/19 MP: 2/2
  1033 | D:1      | Reached XP level 3. HP: 19/23 MP: 3/3
  1623 | D:2      | Reached skill level 4 in Armour
  1828 | D:2      | Reached XP level 4. HP: 27/29 MP: 4/4
  2433 | D:3      | Found a hazy altar of Hepliaklqana.
  2929 | D:3      | Reached skill level 1 in Evocations
  2929 | D:3      | Reached XP level 5. HP: 9/33 MP: 5/5
  3329 | D:4      | Noticed Blork the orc
  3342 | D:4      | Killed Blork the orc
  3516 | D:3      | HP: 1/33 [wight (1)]
  3518 | D:3      | Reached XP level 6. HP: 1/38 MP: 6/6
  4804 | D:4      | Noticed a necrophage
  4810 | D:4      | Killed a necrophage
  4811 | D:4      | Reached skill level 5 in Armour
  4811 | D:4      | Reached XP level 7. HP: 37/43 MP: 7/7
  4920 | D:4      | Found Xocoapyo's Book Shoppe.
  5260 | D:4      | Noticed Dowan
  5261 | D:4      | Noticed Duvessa
  5279 | D:4      | HP: 2/43 [Dowan (3)]
  5280 | D:4      | Slain by Duvessa

Illustrated notes

Levels and vault maps discovered:
D:1:      minmay_arrival_glassed_features, layout_basic, eino_curves_01
D:2:      layout_basic, minmay_domino_2
D:3:      wander_river, layout_rooms, nzn_hepliaklqana_mist_gate
D:4:      minmay_evil_eye, layout_layer_cave, serial_shops, nicolae_square_shop,
          uniq_duvessa, uniq_blork_the_orc

Skill      XL: |  1  2  3  4  5  6 |
---------------+-------------------+-----
Axes           | 2 3 4 |  4.2
Armour         | 4 5 |  5.1
Evocations     | 1 2 |  2.2
Fighting       | 4 |  4.3
Shields        | 4 |  4.1

Action                   |  1- 3 |  4- 6 |  7- 9 || total
-------------------------+-------+-------+-------++-------
Melee: War axe           |   116 |   116 |    23 ||   255
  Use: Scroll            |     9 |     4 |     2 ||    15
       Potion            |       |       |     3 ||     3
Armor: Scale mail        |    65 |    33 |       ||    98
       Chain mail        |       |    28 |    16 ||    44
Dodge: Dodged            |    59 |    48 |     8 ||   115
Block: Buckler           |    26 |    30 |    10 ||    66

Table legend: (Time is in decaauts)
 A = Elapsed time spent in this place.
 B = Non-inter-level travel time spent in this place.
 C = Inter-level travel time spent in this place.
 D = Time resting spent in this place.
 E = Time spent auto-exploring this place.
 F = Levels seen in this place.
 G = Mean time per level.
                   A        B        C        D        E       F      G
               +--------+--------+--------+--------+--------+-----+--------+
         Total |   5419 |   5347 |     72 |   1904 |   2533 |   4 | 1354.8 |
       Dungeon |   5419 |   5347 |     72 |   1904 |   2533 |   4 | 1354.8 |
               +--------+--------+--------+--------+--------+-----+--------+

Top non-repeatable levels by time:
     D:3: 2106 daAuts
     D:1: 1565 daAuts
     D:4: 940 daAuts
     D:2: 806 daAuts
